 Dungeon Crawl Stone Soup version 0.31-a0-818-ge7c7cf74f0 (webtiles) character file.

Game seed: 295572908949016265

49 Bnni the Vexing (level 4, -5/29 (33) HPs)
             Began as a Formicid Hexslinger on Sept 23, 2023.
             Slain by a gnoll
             ... wielding a +0 spear
              (8 damage)
             ... on level 2 of the Dungeon.
             The game lasted 00:01:12 (937 turns).

Bnni the Vexing (Formicid Hexslinger)                Turns: 937, Time: 00:01:13

HP:   -5/29 (33)    AC:  2    Str: 13    XL:     4   Next: 1%
MP:   3/6           EV: 12    Int: 12    God:
Gold: 57            SH:  0    Dex: 18    Spells: 1/6 levels left

rFire   . . .        a - +1 sling
rCold   . . .        (no shield)
rNeg    . . .        c - +0 robe
rPois   .            (helmet unavailable)
rElec   .            (no cloak)
rCorr   .            (no gloves)
SInv    +            (no boots)
Will    .....        (no amulet)
Stlth   ++           (no ring)
HPRegen 0.24/turn    (no ring)
MPRegen 0.10/turn

%: no passive effects
@: weak-willed, jinxed, heavily drained
A: permanent stasis, dig shafts and tunnels, antennae 3, four strong arms
a: Dig, Shaft Self


You were on level 2 of the Dungeon.
You visited 1 branch of the dungeon, and saw 2 of its levels.

You collected 57 gold pieces.

Inventory:

Hand Weapons
 a - a +1 sling (weapon)
Armour
 c - a +0 robe (worn)
Scrolls
 b - a scroll of poison
 d - a scroll of revelation {unknown}
 g - a scroll of fog {unknown}
 j - a scroll of enchant weapon {unknown}
 k - a scroll of identify {unknown}
Potions
 e - a potion of haste {unknown}
 f - a potion of curing {unknown}
 h - a potion of enlightenment {unknown}
 i - a potion of degeneration {unknown}
 l - a potion of heal wounds {unknown}


   Skills:
 + Level 1.8 Fighting
 * Level 2.5 Ranged Weapons
 - Level 1.7 Dodging
 + Level 1.7 Spellcasting
 * Level 4.2 Hexes
 + Level 1.5 Fire Magic


You had one spell level left.
You knew the following spells:

 Your Spells              Type           Power      Damage    Failure   Level
a - Jinxbite              Hex            22%        N/A       8%          2
b - Inner Flame           Hex/Fire       7%         N/A       26%         3

Your spell library contained the following spells:

 Spells                   Type           Power      Damage    Failure   Level
 Sigil of Binding         Hex            11%        N/A       14%         3
 Cause Fear               Hex            5%         N/A       43%         4
 Dimensional Bullseye     Hex/Tloc       3%         N/A       75%         4


Dungeon Overview and Level Annotations

Branches:
Dungeon (2/15)

Altars:


Innate Abilities, Weirdness & Mutations

You cannot be hasted, slowed, berserked, paralysed or teleported.
You can dig through walls and to a lower floor.
You have a pair of large antennae on your head. (SInv)
Your four strong arms can wield two-handed weapons with a shield.


Message History

The goblin seems less drained.
The adder bites you but does no damage. The gnoll closely misses you.
The goblin closely misses you. The adder barely misses you.
You shoot a sling bullet. The sling bullet misses the adder.
The adder closely misses you. The goblin hits you with a +0 club.
A gnoll comes into view. It is wielding a +0 club.
The gnoll barely misses you.
Unknown command.
You shoot a sling bullet.
The sling bullet closely misses the adder.
The gnoll shouts!
You hear a shout!
The adder barely misses you. The goblin barely misses you.
The gnoll hits you from afar with a +0 spear.
The adder bites you.
Unknown command.
You shoot a sling bullet. The sling bullet misses the adder.
The goblin hits you with a +0 club.
The gnoll hits you from afar with a +0 spear.
The adder closely misses you.
The gnoll hits you from afar with a +0 spear.
* * * LOW HITPOINT WARNING * * *
The goblin hits you with a +0 club.
* * * LOW HITPOINT WARNING * * *
You extend your mandibles.
You dig through the rock wall.
You feel drained.
Found a clear potion.
The adder seems less drained.
The adder barely misses you. The adder bites you but does no damage.
You dig through the rock wall.
You feel drained. The adder attacks as it pursues you!
The adder barely misses you.
Casting: Jinxbite (safe; 8% risk of failure)
Confirm with . or Enter, or press ? or * to list all spells.
You beckon some vexing sprites to accompany your attacks.
You feel your willpower being sapped. The adder closely misses you.
You retract your mandibles.
You shoot a sling bullet. The sling bullet misses the adder.
A giggling sprite leaps out and ties the adder's tail in a knot.
The adder is heavily wounded.
The adder barely misses you. The adder misses you.
The gnoll hits you from afar with a +0 spear!
You die...

.#...! ... ...... ..# {
#.... ..# . #.... #.# ..
... #.# { ... #.####.#
.. #.ggg.g##.#...
#...##S###{.......
#...#@##...##.....
....####.#........ #...#
#.....#..... #.#.#
#..#........
#.#.###......[.#.#..
#####.#.##....#.#..# #..
#.............#.#.... .#
#.....#..............
.##
#.....#........#.#####..


You could see 2 gnolls, an adder (very drained) and a goblin.

Vanquished Creatures
  An adder (D:1)
  4 ball pythons (D:1)
  4 endoplasms (D:1)
  3 giant cockroaches (D:1)
  2 goblins
  6 hobgoblins
  3 jackals (D:1)
  A kobold (D:1)
  4 quokkas (D:1)
  2 bats (D:1)
  A frilled lizard (D:1)
  A rat (D:1)
32 creatures vanquished.

Notes
Turn   | Place    | Note
-------+----------+-------------------------------------------
     0 | D:1      | Bnni the Formicid Hexslinger began the quest for the Orb.
     0 | D:1      | Reached XP level 1. HP: 15/15 MP: 2/2
   144 | D:1      | Reached XP level 2. HP: 21/21 MP: 3/3
   255 | D:1      | Reached skill level 4 in Hexes
   295 | D:1      | Reached XP level 3. HP: 26/26 MP: 5/5
   705 | D:1      | Learned a level 2 spell: Jinxbite
   709 | D:1      | Learned a level 3 spell: Inner Flame
   927 | D:2      | Reached XP level 4. HP: 29/33 MP: 6/6
   937 | D:2      | Slain by a gnoll

Illustrated notes

Levels and vault maps discovered:
D:1:      minmay_arrival_jagged, layout_loops_ring
D:2:      layout_basic, nicolae_grassy_gnolls

Skill      XL: |  1  2 |
---------------+-------+-----
Hexes          | 4 |  4.2
Fighting       | |  1.8
Ranged Weapons | |  2.5
Dodging        | |  1.7
Spellcasting   | |  1.7
Fire Magic     | |  1.5

Action                     |  1- 3 |  4- 6 || total
---------------------------+-------+-------++-------
   Fire: Sling             |    97 |     7 ||   104
   Cast: Jinxbite          |       |     2 ||     2
Ability: Dig               |       |     1 ||     1
 Armour: Robe              |    28 |    14 ||    42
  Dodge: Dodged            |    44 |    17 ||    61

Table legend: (Time is in decaauts)
 A = Elapsed time spent in this place.
 B = Non-inter-level travel time spent in this place.
 C = Inter-level travel time spent in this place.
 D = Time resting spent in this place.
 E = Time spent auto-exploring this place.
 F = Levels seen in this place.
 G = Mean time per level.
                   A        B        C        D        E       F      G
               +--------+--------+--------+--------+--------+-----+--------+
         Total |    966 |    937 |     29 |    129 |    603 |   2 |  483.0 |
       Dungeon |    966 |    937 |     29 |    129 |    603 |   2 |  483.0 |
               +--------+--------+--------+--------+--------+-----+--------+

Top non-repeatable levels by time:
     D:1: 877 daAuts
     D:2: 88 daAuts
